 Dungeon Crawl Stone Soup version 0.22-a0-482-g76e0a5f (webtiles) character file.

4701 Amnesiac the Reanimator (level 10, -3/74 HPs)
             Began as a Mummy Necromancer on June 17, 2018.
             Was a Priest of Sif Muna.
             Slain by a two-headed ogre
             ... wielding a +0 giant club
              (32 damage)
             ... on level 8 of the Dungeon.
             The game lasted 00:23:07 (10367 turns).

Amnesiac the Reanimator (Mummy Necromancer)        Turns: 10367, Time: 00:23:08

Health: -3/74      AC:  9    Str: 12    XL:     10   Next: 21%
Magic:  9/21       EV: 15    Int: 18    God:    Sif Muna [***...]
Gold:   493        SH:  0    Dex: 12    Spells: 20/24 levels left

rFire    x . .     SeeInvis .   a - +2 dagger (pain)
rCold    + + +     Gourm    .   (no shield)
rNeg     + + +     Faith    .   d - +1 leather armour {rC+}
rPois    ∞         Spirit   .   n - +0 helmet
rElec    .         Reflect  .   t - +0 cloak
rCorr    .         Harm     .   (no gloves)
MR       +....                  k - +2 pair of boots
Stlth    +.........             (no amulet)
HPRegen  0.22/turn              h - ring of protection from cold
MPRegen  0.17/turn              j - +4 ring of slaying

@: divine energy
A: no food or potions, fire vulnerability, cold resistance 1, negative energy
resistance 3, torment resistance, unbreathing
a: Stop Divine Energy, Channel Magic, Renounce Religion


You were on level 8 of the Dungeon.
You worshipped Sif Muna.
Sif Muna was most pleased with you.
You were not hungry.

You visited 1 branch of the dungeon, and saw 8 of its levels.
You also visited: Ossuary.

You collected 493 gold pieces.

Inventory:

Hand Weapons
 a - a +2 dagger of pain (weapon)
 b - the +5 falchion of Fedhas {venom, rC- rN+ Str+2 Stlth+}
   (You found it on level 6 of the Dungeon)

   It poisons the flesh of those it strikes.
   It affects your strength (+2).
   It makes you vulnerable to cold.
   It protects you from negative energy.
   It makes you more stealthy.
Missiles
 g - 5 curare-tipped needles
Armour
 d - a +1 leather armour of cold resistance (worn)
 f - a +0 shield
 k - a +2 pair of boots (worn)
 n - a +0 helmet (worn)
 p - a +0 buckler
 t - a +0 cloak (worn)
Jewellery
 h - a ring of protection from cold (left hand)
 j - a +4 ring of slaying (right hand)
 s - an uncursed amulet of rage {unknown}
Wands
 l - a wand of iceblast (7)
 v - a wand of polymorph (1)
Scrolls
 c - 2 scrolls of amnesia {!r}
 e - a scroll of blinking {!r}
 i - 7 scrolls of remove curse {!r}
 m - 2 scrolls of enchant armour {!r}
 o - 4 scrolls of identify {!r}
 q - 2 scrolls of teleportation {!r}
 r - 2 scrolls of fog {!r}


   Skills:
 - Level 5.5 Fighting
 - Level 7.2 Dodging
 - Level 1.5 Stealth
 + Level 7.7 Spellcasting
 * Level 10.1 Necromancy


You had 20 spell levels left.
You knew the following spells:

 Your Spells              Type           Power        Failure   Level  Hunger
a - Pain                  Necr           ####         1%          1    N/A
d - Vampiric Draining     Necr           #####.....   1%          3    N/A

Your spell library contained the following spells:

 Spells                   Type           Power        Failure   Level  Hunger
 Animate Dead             Necr           N/A          1%          4    N/A
 Animate Skeleton         Necr           N/A          1%          1    N/A
 Regeneration             Chrm/Necr      ####......   4%          3    N/A

Dungeon Overview and Level Annotations

Branches:
Dungeon (8/15)             Temple (0/1) D:7
   Lair: D:8-11

Altars:
Makhleb
Qazlal
Sif Muna
Vehumet
The Shining One

Shops:
D:4 (   D:5 [


Innate Abilities, Weirdness & Mutations

You do not eat or drink.
Your flesh is vulnerable to fire.
You are immune to poison.
Your flesh is cold resistant. (rC+)
You are immune to negative energy. (rN+++)
You are immune to unholy pain and torment.
You can survive without breathing.


Message History

Aiming: Vampiric Draining (safe; 1% risk of failure)
Press: ? - help, Shift-Dir - straight line, f/p - orc warrior
Aim: an orc warrior, wielding a trident and wearing a chain mail (heavily wounded)
You kill the orc warrior!
Sif Muna accepts your kill.
You feel life coursing into your body.
i - 7 scrolls of remove curse {!r} (gained 1)
Things that are here:
a trident; a chain mail You start resting.
Magic restored.
The two-headed ogre is too close now for your liking.
A two-headed ogre is nearby!
A two-headed ogre is nearby!
You hit the two-headed ogre but do no damage.
The two-headed ogre writhes in agony.
The two-headed ogre is lightly wounded.
The two-headed ogre hits you with a giant club.
The two-headed ogre closely misses you.
You barely miss the two-headed ogre.
The two-headed ogre is lightly wounded.
You completely miss the two-headed ogre.
The two-headed ogre is lightly wounded.
The two-headed ogre hits you with a giant club!
The two-headed ogre hits you with a giant spiked club.
Casting: Vampiric Draining (safe; 1% risk of failure)
Confirm with . or Enter, or press ? or * to list all spells.
Aiming: Vampiric Draining (safe; 1% risk of failure)
Press: ? - help, Shift-Dir - straight line, f - two-headed ogre
Aim: a two-headed ogre, wielding a giant club and a giant spiked club (lightly wounded)
The two-headed ogre is lightly wounded.
You feel life coursing into your body. The two-headed ogre barely misses you.
The two-headed ogre closely misses you.
You hit the two-headed ogre but do no damage.
The two-headed ogre writhes in agony.
The two-headed ogre is moderately wounded.
The two-headed ogre hits you with a giant club!
The two-headed ogre hits you with a giant spiked club!
Casting: Vampiric Draining (safe; 1% risk of failure)
Confirm with . or Enter, or press ? or * to list all spells.
Aiming: Vampiric Draining (safe; 1% risk of failure)
Press: ? - help, Shift-Dir - straight line, f/p - two-headed ogre
Aim: a two-headed ogre, wielding a giant club and a giant spiked club (moderately wounded)
The two-headed ogre is heavily wounded.
You feel life coursing into your body.
Casting: Vampiric Draining (safe; 1% risk of failure)
Confirm with . or Enter, or press ? or * to list all spells.
Aiming: Vampiric Draining (safe; 1% risk of failure)
Press: ? - help, Shift-Dir - straight line, f/p - two-headed ogre
Aim: a two-headed ogre, wielding a giant club and a giant spiked club (heavily wounded)
The two-headed ogre is heavily wounded.
You feel life coursing into your body.
The two-headed ogre hits you with a giant club!
The two-headed ogre hits you with a giant spiked club!
* * * LOW HITPOINT WARNING * * *
Casting: Vampiric Draining (safe; 1% risk of failure)
Confirm with . or Enter, or press ? or * to list all spells.
Aiming: Vampiric Draining (safe; 1% risk of failure)
Press: ? - help, Shift-Dir - straight line, f/p - two-headed ogre
Aim: a two-headed ogre, wielding a giant club and a giant spiked club (heavily wounded)
The two-headed ogre is severely wounded.
You feel life coursing into your body.
The two-headed ogre hits you with a giant club!!
You die...

.............##....##.......##.##
.............###................#
...######...## #..........##....#
..## ##..# #...........##...# .##
##.### #...........#####. .###
#.)..###...........###... ...###
#...............<.....##.
.....####...................####.
##.....#........@O.........## #.
###........................# ..
..........###.............## ..
.#####....#####.#........## .# ##
#..#....###.#.......#
#.#######....#....#.# #.#
######.#####.. ### ### ###


You could see a two-headed ogre.

Vanquished Creatures
  A two-headed ogre (D:8)
  The ghost of GameOver the Conjurer, a novice NaWz (D:4)
  2 hippogriffs
  A spriggan (D:7)
  Menkaure (D:4)
  5 orc warriors
  2 ice beasts (D:5)
  A sky beast (D:8)
  A black bear (D:5)
  A phantom (D:6)
  A necrophage (D:6)
  4 ogres
  3 centaurs
  An elf zombie (Ossuary)
  4 bullfrogs
  3 scorpions (D:7)
  A crimson imp (D:3)
  2 bullfrog zombies
  6 orc wizards
  4 orc priests
  A gnoll shaman (D:4)
  A hound (D:6)
  2 centaur zombies
  A jelly (D:8)
  3 iguanas
  A worker ant (D:8)
  A killer bee zombie (D:7)
  A big kobold zombie (Ossuary)
  A hound zombie (D:6)
  3 mummies (Ossuary)
  A worker ant zombie (D:8)
  8 gnolls
  9 adders
  An ooze (D:7)
  An adder skeleton (D:8)
  6 adder zombies (Ossuary)
  3 worms (D:2)
  A dart slug (D:1)
  6 leopard geckos
  40 orcs
  13 bats
  3 giant cockroaches
  7 goblins
  3 hobgoblins (D:1)
  15 jackals
  8 kobolds
  3 quokkas
  A ball python (D:2)
  5 frilled lizards
  3 gnoll zombies (Ossuary)
  3 goblin zombies (Ossuary)
  6 hobgoblin zombies (Ossuary)
  A jackal skeleton (D:6)
  2 jackal zombies (Ossuary)
  3 kobold zombies (Ossuary)
  A leopard gecko skeleton (D:5)
  An orc zombie (Ossuary)
  A quokka skeleton (D:4)
  3 quokka zombies (Ossuary)
  12 rats
  3 rat zombies (Ossuary)
233 creatures vanquished.

Notes
Turn   | Place    | Note
-------+----------+-------------------------------------------
     0 | D:1      | Amnesiac the Mummy Necromancer began the quest for the Orb.
     0 | D:1      | Reached XP level 1. HP: 13/13 MP: 4/4
    73 | D:1      | Reached skill level 1 in Fighting
   256 | D:2      | Reached XP level 2. HP: 22/22 MP: 0/6
   570 | D:2      | Reached XP level 3. HP: 26/27 MP: 1/7
   575 | D:2      | Learned a level 3 spell: Vampiric Draining
  1191 | D:4      | Found Penneteu's Antique Weapon Emporium.
  1227 | D:4      | Noticed an ogre
  1237 | D:4      | Killed an ogre
  1237 | D:4      | Reached XP level 4. HP: 13/33 MP: 4/8
  1237 | D:4      | Reached XP level 5. HP: 15/38 MP: 4/9
  1484 | D:4      | Found a glowing golden altar of the Shining One.
  1642 | D:4      | Noticed Menkaure
  2036 | D:4      | Reached XP level 6. HP: 39/44 MP: 3/10
  2173 | D:4      | Reached skill level 5 in Dodging
  2656 | D:4      | Noticed GameOver's ghost (novice NaWz)
  2793 | D:5      | Entered Level 5 of the Dungeon
  2793 | D:5      | Found Makhlecs's Antique Armour Emporium.
  3172 | D:5      | Noticed an ice beast
  3200 | D:5      | Killed an ice beast
  3347 | D:5      | Reached XP level 7. HP: 26/50 MP: 0/11
  3508 | D:5      | Got a steaming helmet
  3509 | D:5      | Identified the -5 helmet of Dynoisk {rPois rC+ Int+2} (You found it on level 5 of the Dungeon)
  5019 | D:5      | Reached XP level 8. HP: 43/60 MP: 5/12
  5432 | D:6      | Reached skill level 5 in Fighting
  5561 | D:6      | Reached skill level 5 in Necromancy
  5685 | D:6      | Got a warped falchion
  5709 | D:6      | Identified the +5 falchion of Fedhas {venom, rC- rN+ Str+2 Stlth+} (You found it on level 6 of the Dungeon)
  5737 | D:6      | Found a deep blue altar of Sif Muna.
  5851 | D:6      | Became a worshipper of Sif Muna the Loreminder
  7298 | D:3      | Found a burning altar of Makhleb.
  7298 | D:3      | Found a radiant altar of Vehumet.
  7553 | D:4      | Found a glowing golden altar of the Shining One.
  7576 | D:4      | Found Penneteu's Antique Weapon Emporium.
  7733 | D:4      | Killed GameOver's ghost
  7733 | D:4      | Reached * piety under Sif Muna
  7733 | D:4      | Reached skill level 6 in Necromancy
  7733 | D:4      | Reached XP level 9. HP: 64/68 MP: 13/15
  7831 | D:4      | Killed Menkaure
  8207 | D:7      | Reached skill level 7 in Necromancy
  8353 | D:7      | Found a sand-covered staircase.
  8359 | Ossuary  | Entered an ossuary
  8390 | Ossuary  | Reached skill level 5 in Spellcasting
  8672 | D:7      | Reached ** piety under Sif Muna
  8685 | D:7      | Reached skill level 8 in Necromancy
  8702 | D:7      | Found a staircase to the Ecumenical Temple.
  9078 | D:7      | Reached skill level 9 in Necromancy
  9160 | D:7      | Found a stormy altar of Qazlal.
  9305 | D:8      | Reached *** piety under Sif Muna
  9437 | D:8      | Noticed a two-headed ogre
  9583 | D:8      | Noticed a two-headed ogre
  9611 | D:8      | Reached XP level 10. HP: 57/74 MP: 6/20
  9780 | D:8      | Noticed a two-headed ogre
  9780 | D:8      | Noticed a two-headed ogre
  9978 | D:8      | Killed a two-headed ogre
  9978 | D:8      | Reached skill level 10 in Necromancy
 10367 | D:8      | Slain by a two-headed ogre

Vault maps used:
D:1:      dpeg_arrival_short_road, minmay_misc_feat_alley
D:2:      minmay_rat_gold_closets
D:3:      grunt_temple_overflow_lords_of_destruction, first_ration, st_stairs_2,
          item_on_display_a
D:4:      kennysheep_mini, serial_shops, nicolae_shop_overgrown_old_shop,
          uniq_menkaure
D:5:      serial_shops, nicolae_shop_stone, minmay_misc_feat_five
D:6:      lemuel_blue_sif_altar
D:7:      nicolae_qazlal_eye_of_the_storm, minmay_temple_entry_overgrown,
          lightli_ossuary_entry_decrepit_ruins, the_bakery, grunt_ministairs_2
Ossuary:  minmay_ossuary_two_tombs

Skill      XL: |  1  2  3  4  5  6  7  8  9 10 |
---------------+-------------------------------+-----
Spellcasting   | 3 4 7 |  7.7
Fighting       | 1 2 3 5 |  5.5
Dodging        | 2 3 4 6 7 |  7.2
Necromancy     | 6 9 10 | 10.1
Stealth        | |  1.5

Action                   |  1- 3 |  4- 6 |  7- 9 | 10-12 || total
-------------------------+-------+-------+-------+-------++-------
Melee: Unarmed           |     5 |       |       |       ||     5
       Dagger            |    25 |    17 |   182 |    21 ||   245
       Quarterstaff      |       |    12 |    59 |       ||    71
       Falchion          |       |       |   155 |       ||   155
 Cast: Pain              |    65 |    77 |    95 |       ||   237
       Vampiric Draining |       |     8 |    25 |    13 ||    46
Invok: Divine Energy     |       |       |     1 |       ||     1
Evoke: Wand              |       |       |     9 |     8 ||    17
  Use: Scroll            |     1 |       |    11 |     1 ||    13
 Stab: Sleeping          |       |     1 |     2 |       ||     3
Armor: Robe              |     5 |     3 |    17 |       ||    25
       Ring mail         |       |       |   112 |       ||   112
       Leather armour    |       |       |    14 |     6 ||    20
Dodge: Dodged            |    24 |    33 |   374 |    24 ||   455
       Rpst.: Falchion   |       |       |    36 |       ||    36

Table legend:
 A = Spawn XP
 B = Non-spawn XP
 C = Spawn XP percentage of total XP
 D = Spawn monster count
 E = Non-spawn monster count
 F = Spawn count percentage of total count
 G = Total turns spent on level
                    A         B        C        D         E        F      G
               +---------+---------+-------+---------+---------+-------+---------
         Total |       0 |    6716 |   0.0 |       0 |     233 |   0.0 | 10367
               +---------+---------+-------+---------+---------+-------+---------
           D:1 |       0 |      47 |   0.0 |       0 |      26 |   0.0 |   762
           D:2 |       0 |      99 |   0.0 |       0 |      29 |   0.0 |  1068
           D:3 |       0 |     109 |   0.0 |       0 |      19 |   0.0 |   951
           D:4 |       0 |    1015 |   0.0 |       0 |      22 |   0.0 |  2504
           D:5 |       0 |     857 |   0.0 |       0 |      24 |   0.0 |  1820
           D:6 |       0 |     955 |   0.0 |       0 |      22 |   0.0 |  1132
           D:7 |       0 |    1685 |   0.0 |       0 |      36 |   0.0 |   867
           D:8 |       0 |    1675 |   0.0 |       0 |      19 |   0.0 |   968
       Ossuary |       0 |     274 |   0.0 |       0 |      36 |   0.0 |   295
               +---------+---------+-------+---------+---------+-------+---------
